rsa, neutral male human Tourist ---- |> -- ----- -------------------------- --- ------- -- -- |.......................*| ---- | | -- | |.<---------------- --- | ----- | | | | -- ---)-- -- -- | | --- | | -- | -- ------ | |...| | | -- | -- -- ---- | | -- | --- ---.--- -- -| -- -- | | |--- --- | --| | |..*| --- | | -- | | ------- | -- --- | |.--- | ---- --- -- | | --- | --- | | |.| | ---- | | -- | | | | | | |)| | | --- -- | | ----- ----- --- | | |)| |- |-- -- -- | | |---| | |.| ---- ----- | -- -- ----- --- | || | |.| -- | | ---- --| ---| --- -- || | |.-- | | | -- -- | --- ---- -- -| | |..| -- ------ -- | | | | | -----@f| --- -- | -- | -- ----.......G.-- | ---- | -- -- --- -- ------- -- | --- | --- ---- ---- --- -- -- -- --- ------ rsa the Rambler Experience level: 1 Strength: 11 Dexterity: 8 Constitution: 16 Intelligence: 13 Wisdom: 10 Charisma: 19 Health: 0(13) Energy: 2(2) Def: 9 Gold: 419 Moves: 1147 Dungeon seed: FqdP0hKSmulSB6H9 Game ID: rsa_1592665350 Your Inventory: Coins $ - 419 gold pieces Weapons a - 40 blessed +2 darts (in quiver) C - a blessed +1 halberd (weapon in hands) N - 8 cursed -1 arrows Armor e - an uncursed +0 Hawaiian shirt (being worn) n - an uncursed +0 elven cloak (being worn) q - an uncursed +1 splint mail (being worn) y - an uncursed +0 pair of speed boots (being worn) Comestibles d - 2 uncursed eggs f - an uncursed tin of jackal meat g - 6 uncursed tripe rations t - an uncursed tin of kobold meat Scrolls G - an uncursed scroll of confuse monster Potions r - an uncursed potion of water Tools l - an uncursed credit card w - an uncursed wax candle (0:400) F - an uncursed oil lamp (0:1089) Spells and supernatural/magical abilities: Name Level Category Fail Memory W - pray for help -- divine ? -- Your skills at the end: Miscellaneous Skills wands [Basic] Weapon Skills dart [Basic] Spellcasting Skills Final Attributes: You were devoutly aligned. You saw invisible. You were very fast. You are dead. Vanquished creatures: a gnomish wizard a kobold lord a hobbit 8 gnomes a gnome zombie 2 jackals a fox 2 newts 2 goblins 4 sewer rats 2 grid bugs a lichen a kobold zombie 27 creatures vanquished. Genocided species: gnomes 1 species genocided. Voluntary challenges: You were vegetarian. You did not adorn yourself with jewelry or accessories. You did not cause conflict. You were not invisible. You did not have reflection. You were not displaced. You used a wielded weapon 14 times, starting on turn 345. You did not apply a unicorn horn. You did not use plumbed fixtures. You read items or engraved 13 times, starting on turn 39. You genocided 1 type of monster, starting on turn 1071. You never polymorphed an object. You never changed form. You used no wishes. You never split a pudding. You never wrote Elbereth's name. You never violated your personal moral code. Dungeon overview: The Dungeons of Doom: levels 1 to 4 Level 1 a fountain a long staircase Level 2 Level 3 a general store, an altar to Blind Io, some fountains, a sink Level 4 some fountains stairs to The Gnomish Mines The Gnomish Mines: Level 5 <- You were here stairs to The Dungeons of Doom History has recorded: On T:1 you entered the Dungeons of Doom to retrieve the Amulet of Yendor! On T:276 you reached level 2 of The Dungeons of Doom. On T:386 you reached level 3 of The Dungeons of Doom. On T:969 you reached level 4 of The Dungeons of Doom. On T:1069 you reached level 1 of The Gnomish Mines. Score breakdown: Gold: 83 ( 8 points) Experience: 1 level ( 0 points) Exploration: 5 levels ( 120 points) Discoveries: 12 items ( 600 points) Variety of kills: 13 monsters ( 650 points) Major goal: (nothing yet) ( 0 points) Survival: died (score multiplied by 3) Total score: 4134 Latest messages: The dart misses the gnomish wizard. Tigger misses the gnomish wizard. The gnomish wizard points all around, then curses. The dart misses the gnomish wizard. Tigger misses the gnomish wizard. The gnomish wizard points all around, then curses. Tigger bites the gnomish wizard. The gnomish wizard is killed! You have a little trouble lifting a - 6 blessed +2 darts (in quiver). There is nothing here to pick up. You displace Tigger. You have a little trouble lifting a - a blessed +2 dart (in quiver). There is nothing here to pick up. The dart hits the kobold lord. You kill the kobold lord! The gnome lord punches you! You die... Final status: Aloha rsa the Tourist, killed by a gnome lord... You died in The Gnomish Mines on dungeon level 5 with 4134 points, and 419 pieces of gold, after 1147 moves. You were level 1 with a maximum of 13 hit points when you died.